 Dungeon Crawl Stone Soup version 0.31-a0-1376-g36f0627844 (webtiles) character file.

Game seed: 12889461822536016179

839 Morrissey the Digger (level 8, -1/48 HPs)
             Began as a Gargoyle Earth Elementalist on Dec 24, 2023.
             Slain by an iguana (8 damage)
             ... on level 5 of the Dungeon.
             The game lasted 00:10:16 (3901 turns).

Morrissey the Digger (Gargoyle Earth Elementalist)  Turns: 3901, Time: 00:10:16

Health: -1/48      AC: 19    Str: 12    XL:     8   Next: 0%
Magic:  11/11      EV:  9    Int: 18    God:
Gold:   257        SH:  0    Dex: 13    Spells: 8/12 levels left

rFire   . . .        t - +1 dagger (venom)
rCold   . . .        (no shield)
rNeg    + . .        A - +1 scale mail of the Pits of Slime {Dex+3}
rPois   ∞            j - +2 helmet
rElec   +            y - +2 cloak {Will+}
rCorr   .            (no gloves)
SInv    .            (no boots)
Will    +....        (no amulet)
Stlth   +            (no ring)
HPRegen 0.28/turn    (no ring)
MPRegen 0.12/turn

%: no passive effects
@: no status effects
A: sickness immunity, AC +5, negative energy resistance 1, electricity
resistance, torment resistance 1, petrification resistance
a: no special abilities


You were on level 5 of the Dungeon.
You visited 1 branch of the dungeon, and saw 5 of its levels.

You collected 257 gold pieces.

Inventory:

Hand Weapons
 f - a +0 spear
 t - a +1 dagger of venom (weapon)
 x - a +4 quarterstaff of chaos
Missiles
 c - 2 poisoned darts
Armour
 a - a +0 robe
 j - a +2 helmet (worn)
 y - a +2 cloak of willpower (worn)
 A - the +1 scale mail of the Pits of Slime (worn) {Dex+3}
   (You found it on level 4 of the Dungeon)

   Dex+3:     It affects your dexterity (+3).
 E - a scarf of resistance
Jewellery
 s - a ring of ice
 w - an amulet of faith
Talismans
 k - a talisman of death
Wands
 D - a wand of charming (8)
Scrolls
 d - 3 scrolls of amnesia {unknown}
 i - a scroll of blinking {unknown}
 l - 3 scrolls of identify {unknown}
 m - 2 scrolls of teleportation {unknown}
 n - a scroll of noise {unknown}
 o - a scroll of silence {unknown}
 q - a scroll of poison {unknown}
 u - a scroll of enchant weapon {unknown}
 v - 2 scrolls of immolation {unknown}
 C - 2 scrolls of fog {unknown}
 F - a scroll of torment {unknown}
Potions
 b - 2 potions of magic
 e - 3 potions of mutation {unknown}
 g - a potion of curing {unknown}
 h - a potion of attraction {unknown}
 p - a potion of haste {unknown}
 r - 2 potions of might {unknown}
 z - a potion of cancellation {unknown}
 B - a potion of heal wounds {unknown}


   Skills:
 + Level 3.7 Fighting
 + Level 2.5 Short Blades
 + Level 3.4 Armour
 - Level 1.5 Dodging
 - Level 2.9 Stealth
 - Level 2.6 Spellcasting
 + Level 2.8 Conjurations
 * Level 7.0 Earth Magic
 - Level 0.7 Alchemy


You had 8 spell levels left.
You knew the following spells:

 Your Spells              Type           Power      Damage    Failure   Level
a - Sandblast             Erth           54%        2d13      4%          1
b - Stone Arrow           Conj/Erth      40%        3d9       32%         3

Your spell library contained the following spells:

 Spells                   Type           Power      Damage    Failure   Level
 Passwall                 Alch/Erth      13%        N/A       26%         2
 Kiss of Death            Conj/Necr      28%        2d7       43%         1
 Brom's Barrelling Bould  Conj/Erth      20%        2d4       71%         4
 Petrify                  Alch/Erth      16%        N/A       86%         4
 Confusing Touch          Hex            2%         N/A       94%         3
 Dispel Undead            Necr           2%         3d7       100%        4


Dungeon Overview and Level Annotations

Branches:
Dungeon (5/15)
 Temple: D:4-7

Altars:
Makhleb

Shops:
D:1 [[([:


Innate Abilities, Weirdness & Mutations

You are immune to sickness and miasma.
Your stone body is resilient. (AC +5)
You are immune to poison.
You resist negative energy. (rN+)
You are resistant to electric shocks. (rElec)
You are resistant to unholy torment.
You are immune to petrification.


Message History

An iguana comes into view.
The iguana hisses angrily.
A jelly comes into view.
There is a burning altar of Makhleb here.
Things that are here:
a +0 whip; a +0 robe The iguana bites you but does no damage.
You hit the jelly.
The jelly is poisoned.
Your hands burn!
The jelly is lightly wounded.
The iguana barely misses you. The jelly hits you but does no damage.
You hit the jelly.
Your hands burn!
The jelly is moderately wounded.
The iguana bites you. The jelly barely misses you.
You hit the jelly.
Your hands burn!
The jelly is moderately wounded.
The iguana barely misses you. The jelly hits you.
You are splashed with acid!
* * * LOW HITPOINT WARNING * * *
You are too injured to fight recklessly!
You are too injured to fight recklessly!
You are too injured to fight recklessly!
You are too injured to fight recklessly!
You hit the jelly but do no damage.
The jelly looks as sick as possible!
Your hands burn!
* * * LOW HITPOINT WARNING * * *
The jelly is heavily wounded.
The iguana bites you.
* * * LOW HITPOINT WARNING * * *
The jelly hits you.
* * * LOW HITPOINT WARNING * * *
You are splashed with acid!
* * * LOW HITPOINT WARNING * * *
Unknown command.
The iguana attacks as it pursues you! The iguana bites you.
* * * LOW HITPOINT WARNING * * *
The iguana attacks as it pursues you!
The iguana bites you but does no damage.
The jelly attacks as it pursues you! The jelly hits you but does no damage.
Found 10 gold pieces.
The iguana attacks as it pursues you! The iguana bites you!
You die...

#..# ##......
##.# #.....# ..
##.## ##..###
... #...# ##....
#..########...#
#####
#.............#
#......_J..###.#
....###...l.# ##
. #####@# #.#
#.# #.. ... ....
$##. .. ..


You could see an iguana and a jelly (very poisoned).

Vanquished Creatures
  Edmund (D:4)
  2 ogres
  A phantom (D:5)
  A scorpion (D:4)
  2 bombardier beetles
  4 hounds
  Crazy Yiuf (D:3)
  An iguana (D:5)
  An orc wizard (D:5)
  5 adders
  2 worms
  4 dart slugs
  10 orcs
  6 bats
  6 endoplasms
  3 giant cockroaches
  5 goblins
  3 hobgoblins
  7 jackals
  11 kobolds
  4 quokkas
  4 ball pythons
  3 frilled lizards
  6 rats
93 creatures vanquished.

Notes
Turn   | Place    | Note
-------+----------+-------------------------------------------
     0 | D:1      | Morrissey the Gargoyle Earth Elementalist began the quest
                  | for the Orb.
     0 | D:1      | Reached XP level 1. HP: 10/10 MP: 3/3
   120 | D:1      | Found Qeexzick's Book Emporium.
   215 | D:1      | Reached XP level 2. HP: 9/16 MP: 3/5
   370 | D:1      | Found Majimar's Antique Armour Shoppe.
   396 | D:1      | Found Ifeij's Weapon Emporium.
   409 | D:1      | Reached skill level 4 in Earth Magic
   456 | D:1      | Found Zoguy's Armour Shop.
   564 | D:1      | Found Gitsutunt's Antique Armour Boutique.
   706 | D:2      | Reached XP level 3. HP: 12/20 MP: 6/6
   805 | D:2      | Reached skill level 1 in Fighting
   859 | D:2      | Reached skill level 1 in Armour
   973 | D:2      | Reached XP level 4. HP: 25/25 MP: 7/7
  1372 | D:3      | Reached XP level 5. HP: 30/30 MP: 8/8
  1504 | D:3      | Learned a level 3 spell: Stone Arrow
  1552 | D:3      | Reached skill level 5 in Earth Magic
  1820 | D:3      | Found a runed translucent door.
  1821 | D:3      | Noticed Crazy Yiuf
  1828 | D:3      | Killed Crazy Yiuf
  1829 | D:3      | Reached skill level 1 in Short Blades
  2105 | D:4      | Reached skill level 1 in Conjurations
  2105 | D:4      | Reached XP level 6. HP: 33/36 MP: 9/9
  2400 | D:4      | Reached skill level 6 in Earth Magic
  2410 | D:4      | Reached XP level 7. HP: 38/40 MP: 10/10
  2545 | D:4      | Identified the +1 scale mail of the Pits of Slime {Dex+3}
  2952 | D:4      | Noticed Edmund
  2977 | D:4      | Killed Edmund
  3251 | D:5      | Entered Level 5 of the Dungeon
  3797 | D:5      | Reached skill level 7 in Earth Magic
  3797 | D:5      | Reached XP level 8. HP: 45/48 MP: 9/11
  3887 | D:5      | Found a burning altar of Makhleb.
  3901 | D:5      | Slain by an iguana

Illustrated notes

Levels and vault maps discovered:
D:1:      psy_arrival_fountain, layout_basic, serial_shops, shop,
          nicolae_shop_overgrown_old_shop, nicolae_shop_bloodbath_and_beyond,
          nicolae_shop_hallway_plus, shop, chequers_serial_rivers_room_b,
          minmay_hexomino_u4
D:2:      layout_rooms, minivault_14
D:3:      layout_basic, hex_medium, uniq_crazy_yiuf_cottage
D:4:      layout_cave_pods, uniq_edmund
D:5:      layout_layer_cave, bloody_makhleb

Skill      XL: |  1  2  3  4  5  6  7 |
---------------+----------------------+-----
Earth Magic    | 4 5 6 7 |  7.0
Fighting       | 1 2 3 |  3.7
Armour         | 1 2 3 |  3.4
Short Blades   | 1 2 |  2.5
Conjurations   | 1 2 |  2.8
Dodging        | |  1.5
Stealth        | |  2.9
Spellcasting   | |  2.6
Alchemy        | |  0.7

Action                     |  1- 3 |  4- 6 |  7- 9 || total
---------------------------+-------+-------+-------++-------
  Melee: Spear             |   107 |       |       ||   107
         Unarmed           |    14 |       |       ||    14
         Dagger            |       |   162 |    91 ||   253
         Punch             |       |     1 |     1 ||     2
   Cast: Sandblast         |     6 |     2 |     4 ||    12
   Stab: Sleeping          |     9 |     6 |       ||    15
         Distracted        |     1 |       |       ||     1
 Armour: Robe              |    71 |    72 |     3 ||   146
         Scale mail        |       |       |    63 ||    63
  Dodge: Dodged            |    62 |    89 |    37 ||   188

Table legend: (Time is in decaauts)
 A = Elapsed time spent in this place.
 B = Non-inter-level travel time spent in this place.
 C = Inter-level travel time spent in this place.
 D = Time resting spent in this place.
 E = Time spent auto-exploring this place.
 F = Levels seen in this place.
 G = Mean time per level.
                   A        B        C        D        E       F      G
               +--------+--------+--------+--------+--------+-----+--------+
         Total |   3907 |   3819 |     88 |    220 |   2691 |   5 |  781.4 |
       Dungeon |   3907 |   3819 |     88 |    220 |   2691 |   5 |  781.4 |
               +--------+--------+--------+--------+--------+-----+--------+

Top non-repeatable levels by time:
     D:4: 1215 daAuts
     D:3: 791 daAuts
     D:1: 701 daAuts
     D:2: 624 daAuts
     D:5: 575 daAuts
